[Event "OBEM 2019"]
[Site "Bremen"]
[Date "2019.04.13"]
[Round "1.1"]
[White "Koerber, Uwe"]
[Black "Margraf, Daniel"]
[Result "0-1"]
[ECO "B23"]
[WhiteElo "1738"]
[BlackElo "2238"]
[Annotator "NA"]
[PlyCount "102"]
[EventDate "2019.04.13"]
[EventType "swiss"]
[EventCountry "GER"]
[SourceTitle "playchess.com"]
[Source "ChessBase"]
[SourceQuality "1"]
[TimeControl "40/5400+30:1800+30"]

1. e4 c5 2. Nc3 Nc6 3. f4 e6 4. Bb5 (4. Nf3 d5 5. Bb5 Nge7 6. exd5 exd5 7. Qe2 f6 8. Bxc6+ bxc6 9. d3 Kf7 10. O-O Nf5 11. Bd2 h5 12. Rae1 h4 13. Na4 Bd7 14. Qf2 d4 15. Qe2 {0-1 (36) Jones,G (2640)-Van Wely,L (2656) chess.com INT 2018}) 4... Nd4 {[%emt 0:00:33] LiveBook: 5 Games} 5. a4 Nxb5 6. Nxb5 {[%emt 0:00:37] B23: Closed Sicilian: Lines without g3} a6 7. Nc3 d5 8. d3 Nf6 9. e5 $146 ({Predecessor:} 9. Qe2 d4 10. Nd1 Bd7 11. Nf3 b5 12. axb5 axb5 13. Rxa8 Qxa8 {0-1 (42) Rodriguez Rodriguez,H (1849)-Bobadilla Viera,J (2299) Valera 2017}) 9... d4 10. exf6 dxc3 11. bxc3 Qxf6 12. Qd2 Bd6 13. Nf3 Bd7 14. d4 Bc6 15. Ne5 Bxe5 16. fxe5 Qh4+ 17. Qf2 Qe4+ 18. Be3 O-O 19. O-O f6 20. exf6 Rxf6 21. Qe2 Raf8 22. dxc5 Rxf1+ 23. Rxf1 Rxf1+ 24. Kxf1 Bxa4 25. Qd2 h6 ({But not} 25... Qxc2 $6 26. Qd8+ Kf7 27. Qc7+ {[%mdl 64] Double Attack} Kf8 28. Qd6+ {[%mdl 64] Double Attack} Kf7 29. Qc7+ {[%mdl 64] Double Attack} Kf8 30. Qd6+ {[%mdl 64] Double Attack} Kf7 31. Qc7+ $11 {[%mdl 64] Double Attack}) 26. h3 Bxc2 27. Qd4 Qg6 28. Bf4 Be4 29. Qd2 Bd5 30. Kg1 Qe4 31. Qf2 a5 32. Qg3 Kh7 33. Be5 Qg6 34. Qxg6+ Kxg6 35. Bf4 Kf5 36. g3 Ke4 37. Kf2 Bc4 38. Ke1 a4 $2 (38... e5 39. Bc1 Kd3) 39. Kd2 a3 40. Kc2 a2 41. Kb2 e5 42. Bd2 Kf3 43. g4 e4 44. g5 e3 45. Be1 hxg5 46. c6 bxc6 47. h4 g4 48. h5 g3 49. h6 gxh6 50. Bxg3 Kxg3 51. Kc2 e2 0-1

[Event "OBEM 2019"]
[Site "Bremen"]
[Date "2019.04.13"]
[Round "1.2"]
[White "Issing, Peter"]
[Black "Bruening, Martin"]
[Result "1-0"]
[ECO "D37"]
[WhiteElo "2156"]
[BlackElo "1727"]
[Annotator "NA"]
[PlyCount "105"]
[EventDate "2019.04.13"]
[EventType "swiss"]
[EventCountry "GER"]
[SourceTitle "playchess.com"]
[Source "ChessBase"]
[SourceQuality "1"]
[TimeControl "40/5400+30:1800+30"]

1. d4 d5 2. c4 e6 3. Nf3 Nf6 4. Nc3 Nbd7 5. Bf4 c6 6. e3 Be7 7. Qc2 O-O 8. Bd3 Re8 9. h3 Nf8 {[%emt 0:03:25] D37: Queen's Gambit Declined: 5 Bf4} 10. O-O {[%emt 0:06:34] LiveBook: 5 Games} Ng6 11. Bg3 Bd6 12. Ne5 Qc7 13. f4 dxc4 $146 ({Predecessor:} 13... Nd7 14. c5 Be7 15. f5 exf5 16. Bxf5 Ndxe5 17. Bxg6 hxg6 18. Bxe5 {½-½ (46) Froehlich,P (2314)-Tell,M (1915) Hamburg 1999}) 14. Nxc4 b6 15. Nxd6 Qxd6 16. Bh2 Qe7 17. e4 Bb7 18. e5 Nd5 19. Nxd5 cxd5 20. Qd2 Rac8 21. f5 exf5 22. Rxf5 Bc6 23. Raf1 Rf8 24. Bg3 Bd7 25. R5f3 Be6 26. Be1 Rc7 27. Qf2 a5 28. Bd2 Rfc8 29. Rg3 Qd7 30. h4 $18 Bg4 31. h5 Nf8 32. h6 Ng6 33. Rxg4 Qxg4 34. Bf5 Qh4 35. g3 Qe7 36. Bxc8 Rxc8 37. Bg5 Qe6 38. hxg7 Rc4 39. Be3 b5 40. Qf6 Rc8 41. Qxe6 fxe6 42. Bh6 b4 43. Rf6 Re8 44. Kf1 a4 45. Ke1 a3 46. bxa3 bxa3 47. Kd1 Rb8 48. Rxe6 Kf7 49. Rf6+ Ke7 50. Rf8 Nxf8 51. gxf8=Q+ Rxf8 52. Bxf8+ Kxf8 53. Kc2 1-0

[Event "OBEM 2019"]
[Site "Bremen"]
[Date "2019.04.13"]
[Round "1.3"]
[White "Ficken, Hartmut"]
[Black "Hundack, Rolf"]
[Result "0-1"]
[ECO "C55"]
[WhiteElo "1711"]
[BlackElo "2140"]
[Annotator "NA"]
[PlyCount "72"]
[EventDate "2019.04.13"]
[EventType "swiss"]
[EventCountry "GER"]
[SourceTitle "playchess.com"]
[Source "ChessBase"]
[SourceQuality "1"]
[TimeControl "40/5400+30:1800+30"]

1. e4 e5 2. Nf3 Nc6 3. Bc4 Be7 4. c3 Nf6 5. d3 O-O 6. Be3 {[%emt 0:00:30] C55: Two Knights: 4 d3, 4 d4 exd4 5 e5 and Max Lange Attack} (6. Nbd2 d6 7. Bb3 Na5 8. Bc2 c5 9. Nf1 Nc6 10. Ng3 Re8 11. O-O d5 12. Re1 d4 13. Bb3 Be6 14. Ng5 {1-0 (67) Neiksans,A (2631)-Ponomariov,R (2709) Tallinn 2016}) 6... d5 7. exd5 Nxd5 8. O-O Bg4 9. Nbd2 a6 10. a4 Kh8 11. Qc2 f5 12. Nb3 $146 ({Predecessor:} 12. Bg5 Bxg5 13. Nxg5 Qxg5 14. Bxd5 {0-1 (40) Milivojevic,N (1640)-Sand,P (1975) Zalaegerszeg 1988}) 12... f4 13. Bc5 Bxf3 14. gxf3 Rf6 15. Kh1 b6 16. Bxe7 Ndxe7 17. Rad1 Rh6 18. Rg1 Qd7 19. Rg4 Qf5 20. Rdg1 $11 Rf8 21. Qe2 Qh5 22. R1g2 Nf5 23. Nd2 Qh3 24. Bd5 Nh4 25. Bxc6 Nxg2 26. Rxg2 Rxc6 27. Qxe5 Qd7 28. Ne4 Re6 29. Qh5 Qe7 30. Qd5 Re5 31. Qc4 b5 32. axb5 axb5 33. Qa2 c5 34. Qa5 b4 35. cxb4 cxb4 36. Qxb4 Qxb4 0-1

[Event "OBEM 2019"]
[Site "Bremen"]
[Date "2019.04.13"]
[Round "1.4"]
[White "Elmali, Timur"]
[Black "Steinkraus-Kueck, Hans-Guenter"]
[Result "1-0"]
[ECO "D40"]
[WhiteElo "2121"]
[BlackElo "1647"]
[Annotator "NA"]
[PlyCount "84"]
[EventDate "2019.04.13"]
[EventType "swiss"]
[EventCountry "GER"]
[SourceTitle "playchess.com"]
[Source "ChessBase"]
[SourceQuality "1"]
[TimeControl "40/5400+30:1800+30"]

1. d4 e6 2. c4 d5 3. Nc3 c5 4. e3 Nf6 5. Nf3 Nc6 6. a3 cxd4 7. exd4 h6 {[%emt 0:00:00] D40: Queen's Gambit Declined: Semi-Tarrasch with 5 e3} (7... Be7 8. c5 Ne4 9. Bd3 Nxc3 10. bxc3 b6 11. cxb6 axb6 12. Qe2 Qc7 13. O-O O-O 14. a4 Qa7 15. Ng5 g6 16. Rd1 h6 {1-0 (56) Mamedyarov,S (2817)-Vidit,S (2702) Kolkata 2018}) 8. c5 a6 9. Bd3 Be7 10. b4 e5 $146 (10... g5 $16) ({Predecessor:} 10... Qc7 11. h3 O-O 12. O-O e5 13. dxe5 Nxe5 14. Nxe5 Qxe5 15. Bb2 {1-0 (30) Kempe,A (1538)-Silber,S (1095) Oberhof 2011}) 11. dxe5 Ng4 12. Qe2 O-O 13. O-O Re8 14. Re1 (14. Bc2 $18) 14... Bh4 15. g3 Bf6 16. Bb2 Ngxe5 17. Nxe5 Nxe5 18. f3 Bh3 19. Rad1 Nxd3 20. Qxd3 Rxe1+ 21. Rxe1 Be6 22. Qd2 b6 $11 23. Na4 Bxb2 24. Qxb2 bxc5 25. Nxc5 Qb6 26. Qd4 Qc6 27. Rb1 Bf5 28. Rd1 Be6 29. Rb1 Bf5 30. Rb2 Re8 31. Kf2 Be6 32. Re2 a5 33. bxa5 Qb5 34. Qb4 Bd7 35. Qxb5 Bxb5 36. Rxe8+ Bxe8 37. a6 Bc6 38. a7 Kf8 39. Nd7+ Ke8 40. Nb6 Kd8 41. a8=Q+ Bxa8 42. Nxa8 Ke8 1-0

[Event "OBEM 2019"]
[Site "Bremen"]
[Date "2019.04.14"]
[Round "2.1"]
[White "Margraf, Daniel"]
[Black "Gebur, Thomas"]
[Result "1-0"]
[ECO "B23"]
[WhiteElo "2238"]
[BlackElo "1853"]
[Annotator "NA"]
[PlyCount "49"]
[EventDate "2019.04.13"]
[EventType "swiss"]
[EventCountry "GER"]
[SourceTitle "playchess.com"]
[Source "ChessBase"]
[SourceQuality "1"]
[TimeControl "40/5400+30:1800+30"]

1. e4 c5 2. Nc3 Nc6 3. f4 g6 4. Nf3 Bg7 5. a3 e6 6. b4 {[%emt 0:01:44] B23: Closed Sicilian: Lines without g3} b6 7. e5 Nge7 (7... d5 8. Nb5 Bf8 9. Bb2 a6 10. Nd6+ Bxd6 11. exd6 Nf6 12. b5 Na5 13. h4 {0-1 (41) Lie,K (2547)-Robson,R (2570) Wijk aan Zee 2010}) 8. b5 Nd4 9. Nxd4 cxd4 10. Ne4 O-O 11. Qf3 Rb8 $146 ({Predecessor:} 11... Bb7 12. Bd3 Qc7 13. Qh3 Bxe4 14. Bxe4 {0-1 (30) Zimniok,L (2140)-Jansa,V (2449) Czechia 2014}) 12. Bd3 f6 13. exf6 Bxf6 14. Nxf6+ Rxf6 15. Bb2 e5 16. O-O Rxf4 {[%emt 0:04:08] [#]} 17. Qg3 $1 Qc7 18. Rxf4 exf4 19. Qg5 d5 20. Re1 Nf5 21. Re8+ Kf7 22. Rh8 Qd6 23. Rxh7+ Kg8 24. Rxa7 Qe6 25. Qd8+ 1-0

[Event "OBEM 2019"]
[Site "Bremen"]
[Date "2019.04.14"]
[Round "2.2"]
[White "Sommer, Andreas"]
[Black "Issing, Peter"]
[Result "1/2-1/2"]
[ECO "E11"]
[WhiteElo "1848"]
[BlackElo "2156"]
[Annotator "NA"]
[PlyCount "104"]
[EventDate "2019.04.13"]
[EventType "swiss"]
[EventCountry "GER"]
[SourceTitle "playchess.com"]
[Source "ChessBase"]
[SourceQuality "1"]
[TimeControl "40/5400+30:1800+30"]

1. d4 Nf6 2. c4 e6 3. Nf3 Bb4+ 4. Bd2 c5 5. a3 Bxd2+ 6. Qxd2 {[%emt 0:01:09] E11: Bogo-Indian} cxd4 7. Nxd4 O-O 8. Nc3 d5 9. cxd5 (9. e3 dxc4 10. Bxc4 Bd7 11. O-O Nc6 12. Rfd1 Nxd4 13. Qxd4 Bc6 14. Qxd8 {½-½ (14) Stupak,K (2535)-Moiseenko,A (2663) Gjakova 2016}) 9... exd5 10. e3 b6 11. Be2 $146 ({Predecessor:} 11. Bd3 Bb7 12. O-O Nbd7 13. Rac1 Nc5 14. Bb1 Nfe4 15. Qd1 Rc8 16. b4 Nxc3 17. Rxc3 Ne4 18. Rxc8 {½-½ (18) Dani,F (1766)-Ragyelik,A (1818) Hungary 2014}) 11... Bb7 12. O-O Nbd7 13. Rac1 Qe7 14. Bb5 Ne5 15. Qe2 a6 16. Bd3 Rfe8 17. Na4 b5 18. Nc5 Bc8 19. Bf5 Nc4 20. Nd3 Bb7 21. Rc2 g6 22. Bh3 Ne4 23. Ra1 Rad8 24. Nb4 Rd6 25. b3 Nb6 26. Rac1 Na8 27. Bc8 Rf6 28. f3 Nd6 29. Bxb7 Qxb7 30. Rc6 Nb6 31. Rc7 Qa8 32. Nbc6 Nbc8 33. Qd2 Kg7 34. Qc3 h5 35. h4 a5 36. Nxa5 Ne7 37. Nac6 Nxc6 38. Rxc6 Qd8 39. Re1 Qe7 40. a4 (40. Rc5 $18 {is more deadly.}) 40... bxa4 41. bxa4 Kg8 42. Nb5 Rd8 43. Nxd6 $2 (43. Rd1 $18 {and White stays clearly on top.}) 43... Rfxd6 44. Rxd6 Rxd6 45. Qd4 Qd8 46. Rb1 Rc6 47. Qe5 Rc8 48. g3 Qa5 49. Qd4 Kh7 50. Rd1 Rc4 51. Qxd5 $14 Qxd5 52. Rxd5 Rxa4 1/2-1/2

[Event "OBEM 2019"]
[Site "Bremen"]
[Date "2019.04.14"]
[Round "2.4"]
[White "Hentrop, Malte"]
[Black "Elmali, Timur"]
[Result "0-1"]
[ECO "E94"]
[WhiteElo "1829"]
[BlackElo "2121"]
[Annotator "NA"]
[PlyCount "121"]
[EventDate "2019.04.13"]
[EventType "swiss"]
[EventCountry "GER"]
[SourceTitle "playchess.com"]
[Source "ChessBase"]
[SourceQuality "1"]
[TimeControl "40/5400+30:1800+30"]

1. d4 Nf6 2. c4 g6 3. Nc3 Bg7 4. e4 d6 5. Nf3 O-O 6. Be2 Na6 7. O-O e5 8. d5 Nc5 9. Qc2 a5 10. Be3 b6 11. a3 a4 {[%emt 0:06:52] E94: King's Indian: Classical: 6 Be2 e5 7 0-0: Various Black 7th moves} 12. Bxc5 bxc5 13. b4 $146 ({Predecessor:} 13. Nd2 Bd7 14. b4 axb3 15. Nxb3 Qe7 16. a4 Ne8 17. a5 Ra6 18. Nb5 f5 19. f3 {0-1 (46) Kothari,P (1405)-Sharma,D (2357) Aurangabad 2018}) 13... axb3 14. Qxb3 Nh5 15. Rfb1 Nf4 16. Bf1 f5 17. Qc2 fxe4 18. Nxe4 Nh3+ 19. Kh1 Bg4 20. Rb3 Rf4 21. gxh3 Bxf3+ 22. Bg2 Bxe4 23. Bxe4 Qh4 24. f3 Qxh3 25. a4 Rff8 26. Rbb1 Ra7 27. Ra2 Rfa8 28. Rba1 Ra5 29. Qg2 Qd7 30. Qc2 Bh6 31. Rg1 Be3 ({Better is} 31... Rxa4 $19 32. Rga1 Rxa2 33. Rxa2 Rxa2 34. Qxa2 Kg7) 32. Rb1 Kg7 33. Rb5 Qh3 34. Rb1 Bf4 35. Qg2 Qxg2+ 36. Kxg2 Rxa4 37. Rxa4 Rxa4 38. Rb7 Rxc4 39. Rxc7+ Kh6 40. Rc6 Rd4 41. Rxd6 Rd2+ 42. Kf1 Rxh2 43. Rc6 Be3 44. Rc7 Rd2 45. Ke1 Rh2 ({Black should play} 45... Rg2 $17) 46. Re7 c4 47. Rxe5 c3 48. Bd3 $2 (48. Re6 $17) 48... Bd2+ 49. Kd1 $2 (49. Kf1) 49... Bf4 50. Re2 {[%emt 0:00:00] [#]} Rh1+ $2 ({Better is} 50... Rxe2 $1 $19 51. Bxe2 Kg5) 51. Kc2 Rc1+ 52. Kb3 Kg5 53. Kc4 Kf6 $11 54. Kc5 (54. Re6+ $11 {keeps the balance.} Kf7 55. Kb3) 54... Rd1 55. Bc2 Rd2 56. Rxd2 cxd2 57. d6 h5 58. Kc6 h4 59. d7 Ke7 60. Kd5 h3 61. Kd4 0-1

[Event "OBEM 2019"]
[Site "Bremen"]
[Date "2019.04.14"]
[Round "3.3"]
[White "Elmali, Timur"]
[Black "Hochhuth, Arnd"]
[Result "1-0"]
[ECO "E38"]
[WhiteElo "2121"]
[BlackElo "1917"]
[Annotator "NA"]
[PlyCount "53"]
[EventDate "2019.04.13"]
[EventType "swiss"]
[EventCountry "GER"]
[SourceTitle "playchess.com"]
[Source "ChessBase"]
[SourceQuality "1"]
[TimeControl "40/5400+30:1800+30"]

1. d4 Nf6 2. c4 e6 3. Nc3 Bb4 4. e3 O-O 5. Bd3 c5 6. Nf3 d6 7. Qc2 Nc6 8. O-O Bxc3 9. Qxc3 Qe7 {[%emt 0:13:47] E38: Nimzo-Indian: Classical: 4...c5} (9... e5 10. Bc2 e4 11. Nd2 cxd4 12. exd4 d5 13. c5 a5 14. Nb1 Nh5 15. Be3 f5 16. Bd1 f4 17. Bxh5 {½-½ (31) Dambacher,M (2485)-Peng,Z (2368) Netherlands 2016}) 10. dxc5 dxc5 11. Ne5 Nxe5 12. Qxe5 Rd8 $146 ({Predecessor:} 12... Ng4) 13. Bc2 b6 14. b3 Bb7 15. Bb2 Qd6 16. Qg5 h6 17. Qh4 e5 18. Rad1 Qe6 19. f3 Rxd1 20. Rxd1 Re8 21. a3 a5 22. Qf2 e4 23. f4 Bc6 24. h3 Nd7 25. Qg3 f6 26. f5 Qe7 $18 27. Qe1 1-0

[Event "OBEM 2019"]
[Site "Bremen"]
[Date "2019.04.14"]
[Round "3.4"]
[White "Norbach, Alexander"]
[Black "Pienski, Olaf"]
[Result "1-0"]
[ECO "A41"]
[WhiteElo "1972"]
[BlackElo "2081"]
[Annotator "NA RC"]
[PlyCount "99"]
[EventDate "2019.04.13"]
[EventType "swiss"]
[EventCountry "GER"]
[SourceTitle "playchess.com"]
[Source "ChessBase"]
[SourceQuality "1"]
[TimeControl "40/5400+30:1800+30"]

1. d4 d6 2. c4 e5 3. d5 f5 4. g3 {[%emt 0:01:14] A41: 1 d4 d6: Tartakower System and Modern Defence} Be7 5. Bg2 Nf6 6. Nc3 O-O 7. Nf3 Nbd7 (7... a5 8. e4 Na6 9. exf5 Bxf5 10. O-O Qd7 11. Ng5 Nc5 12. Be3 Ng4 13. Nge4 Nxe4 14. Nxe4 {1-0 (59) Ponkratov,P (2613)-Sjugirov,S (2650) Riadh 2017}) 8. Ng5 Nb6 9. b3 Kh8 $146 ({Predecessor:} 9... h6 10. Nf3 Nbd7 11. Nh4 Ne8 12. Ng6 Rf6 13. Nxe7+ Qxe7 {1-0 (51) Stefansson,V (1678)-Johannesson,O (2006) Reykjavik 2013}) 10. h4 Bd7 11. e4 Qc8 12. Qe2 f4 13. Bh3 fxg3 14. fxg3 Bxh3 15. Rxh3 Nbd7 16. Be3 c6 17. Kd2 Nc5 18. Bxc5 dxc5 19. Ne6 b5 20. g4 cxd5 21. exd5 b4 22. Ne4 Nxe4+ 23. Qxe4 Rf6 24. Ng5 Rg6 25. Nxh7 Qxg4 26. Qxg4 Rxg4 27. Ng5 Rf8 28. Re1 Rf2+ 29. Re2 Rxe2+ 30. Kxe2 Kg8 31. Nf3 Bf6 32. Rh2 Kf7 33. Ke3 Ke7 {[%emt 0:00:37] [#]} (33... Kg6 $1 $11 {keeps the balance.}) 34. Re2 (34. Nd2 $1 $16) 34... Kd7 35. Kd3 Rg3 36. Re3 $11 Rg4 $2 (36... g6 $1 $11) 37. Nxe5+ Bxe5 38. Rxe5 Rxh4 39. Rg5 Rh7 40. Rg6 Kc7 41. Rc6+ Kb7 42. Rxc5 a6 43. Rc6 Rh2 44. Rg6 Rxa2 45. c5 a5 46. Kc4 Rd2 47. Rxg7+ Kc8 48. d6 Rc2+ 49. Kb5 a4 50. c6 1-0

[Event "OBEM 2019"]
[Site "Bremen"]
[Date "2019.04.15"]
[Round "4.2"]
[White "Norbach, Alexander"]
[Black "Stieglitz, Dirk"]
[Result "1/2-1/2"]
[ECO "E06"]
[WhiteElo "1972"]
[BlackElo "2076"]
[Annotator "NA RC"]
[PlyCount "54"]
[EventDate "2019.04.13"]
[EventType "swiss"]
[EventCountry "GER"]
[SourceTitle "playchess.com"]
[Source "ChessBase"]
[SourceQuality "1"]
[TimeControl "40/5400+30:1800+30"]

1. d4 d5 2. c4 e6 3. Nc3 Nf6 4. Nf3 Be7 5. g3 O-O 6. Bg2 c6 7. Ne5 Nbd7 8. f4 Nxe5 9. dxe5 Nd7 10. Be3 f6 11. Bh3 Nb6 12. cxd5 exd5 13. Bxc8 Qxc8 14. exf6 Bxf6 15. Bxb6 Bxc3+ 16. bxc3 axb6 17. O-O Qe6 18. Rf3 b5 19. Qd2 Rfe8 20. Re1 Ra4 21. f5 Qf6 22. h3 h5 23. Ref1 Rea8 24. Qe3 Re4 25. Qd2 Rea4 26. Qe3 Re4 27. Qd2 Rea4 1/2-1/2

[Event "OBEM 2019"]
[Site "Bremen"]
[Date "2019.04.16"]
[Round "5.1"]
[White "Elmali, Timur"]
[Black "Margraf, Daniel"]
[Result "0-1"]
[ECO "E51"]
[WhiteElo "2121"]
[BlackElo "2238"]
[Annotator "ChessBase"]
[PlyCount "126"]
[EventDate "2019.04.13"]
[EventType "swiss"]
[EventCountry "GER"]
[SourceTitle "playchess.com"]
[Source "ChessBase"]
[SourceQuality "1"]
[TimeControl "40/5400+30:1800+30"]

1. d4 Nf6 2. c4 e6 3. Nc3 Bb4 4. e3 O-O 5. Nf3 d5 6. a3 Bxc3+ 7. bxc3 c5 8. Bd3 Qc7 9. Qc2 b6 10. cxd5 exd5 11. O-O c4 12. Bf5 Nc6 13. Nd2 Re8 14. Re1 Na5 15. Bxc8 Raxc8 16. Rb1 Ne4 17. Nf1 Qc6 18. f3 Nd6 19. Nd2 Re6 20. a4 Rce8 21. Kf2 f5 22. g3 Rh6 23. Rh1 Rhe6 24. Re1 Qd7 25. Ba3 Nab7 26. Re2 Qf7 27. Rbe1 Qh5 28. Kg2 f4 29. Bxd6 Nxd6 30. Nf1 fxg3 31. Nxg3 Qh4 32. e4 Rh6 33. Kg1 Rg6 34. Rg2 Nf7 35. Rf1 Ng5 36. e5 Nh3+ 37. Kh1 Nf4 38. Rgg1 Rf8 39. Nf5 Rxg1+ 40. Rxg1 Qh5 41. Ne7+ Kh8 42. Rg4 Qf7 43. Nc6 Nd3 44. Rg3 a5 45. Qb1 Qc7 46. Qb5 Rc8 47. Nxa5 bxa5 48. Qxd5 Rb8 49. e6 Re8 50. Rg5 h6 51. Rf5 Nf4 52. Qb5 Rxe6 53. Rf8+ Kh7 54. Qf5+ Ng6 55. Qxe6 Nxf8 56. Qf5+ Kg8 57. Kg2 Qd8 58. f4 Qc7 59. Kf3 Qc6+ 60. d5 Qxa4 61. Qe5 Qd1+ 62. Kf2 Qd2+ 63. Kg3 a4 0-1

[Event "OBEM 2019"]
[Site "Bremen"]
[Date "2019.04.16"]
[Round "5.2"]
[White "Stieglitz, Dirk"]
[Black "Hundack, Rolf"]
[Result "1/2-1/2"]
[ECO "A25"]
[WhiteElo "2076"]
[BlackElo "2140"]
[Annotator "NA"]
[PlyCount "55"]
[EventDate "2019.04.13"]
[EventType "swiss"]
[EventCountry "GER"]
[SourceTitle "playchess.com"]
[Source "ChessBase"]
[SourceQuality "1"]
[TimeControl "40/5400+30:1800+30"]

1. c4 e5 2. g3 Nc6 3. Bg2 Nf6 4. Nc3 Bb4 5. a3 Bxc3 6. bxc3 O-O 7. d3 d6 8. Rb1 Qe7 9. Bg5 h6 10. Bxf6 Qxf6 11. e3 Nd8 12. Ne2 Bg4 13. O-O Bf3 14. Bxf3 Qxf3 15. Nc1 Qc6 16. Qb3 Qd7 17. Qd1 b6 18. f4 exf4 19. gxf4 f5 20. Rf3 Ne6 21. Rg3 Rae8 22. Rb2 Rf7 23. Rbg2 Kf8 24. Ne2 d5 25. cxd5 Qxd5 26. c4 Qc5 27. Qa1 Ree7 28. Kh1 1/2-1/2

[Event "OBEM 2019"]
[Site "Bremen"]
[Date "2019.04.16"]
[Round "5.3"]
[White "Issing, Peter"]
[Black "Norbach, Alexander"]
[Result "1-0"]
[ECO "D10"]
[WhiteElo "2156"]
[BlackElo "1972"]
[Annotator "NA"]
[PlyCount "89"]
[EventDate "2019.04.13"]
[EventType "swiss"]
[EventCountry "GER"]
[SourceTitle "playchess.com"]
[Source "ChessBase"]
[SourceQuality "1"]
[TimeControl "40/5400+30:1800+30"]

1. d4 d5 2. c4 c6 3. cxd5 cxd5 4. Bg5 Nc6 5. Nc3 Nf6 6. Bxf6 {[%emt 0:00:19] D10: Slav Defence: 3 cxd5 (without early Nf3) and 3 Nc3} exf6 (6... gxf6 7. e3 a6 8. Rc1 Bf5 9. Bd3 Bg6 10. f4 f5 11. h4 h5 12. Nf3 e6 13. Na4 f6 {½-½ (39) Grischuk,A (2761)-Carlsen,M (2832) Paris 2017}) 7. e3 Be6 8. Bd3 Rc8 $146 ({Predecessor:} 8... Be7 9. Nge2 O-O 10. O-O a6 11. Rc1 Rc8 {1-0 (61) Tomilova,E (2332)-Fomin,P (2056) Ekaterinburg 2018}) 9. Rc1 a6 10. Nge2 Bd6 11. a3 O-O 12. b4 a5 13. b5 Ne7 14. Qb3 f5 15. O-O g5 16. f4 h6 17. Ng3 f6 18. Nce2 Qd7 19. a4 Bb4 20. Rcd1 Rcd8 21. Qb1 Rf7 22. Kf2 Rdf8 23. Rh1 Rh7 24. h4 Rg7 25. Nh5 Rgf7 26. Neg3 Bd6 27. Ke2 g4 28. Kf2 Bb4 29. Rhf1 Rd8 (29... b6 $11) 30. b6 Rff8 {[%emt 0:00:19] [#]} ({Black should try} 30... Rc8 $14) 31. Rc1 $1 Kf7 $2 (31... Bd6 $16 {is more resistant.}) 32. Rc7 Qxa4 33. Bxf5 Rd7 34. Ng7 Nxf5 35. N7xf5 Bxf5 $2 (35... Rxc7 36. bxc7 (36. Nxh6+ Kg7 $11) 36... Qd7) 36. Qxf5 Rxc7 37. bxc7 Qc6 38. Qh5+ Ke7 39. Qxh6 Qc2+ 40. Kg1 Rf7 $2 (40... Qxc7 $16 41. Qh5 Qd7) 41. Qh5 f5 $18 (41... Qxc7 42. Qxd5 Qd7) 42. Qg5+ Ke6 43. Qg6+ Ke7 44. Qb6 Ke8 45. Qe6+ 1-0

[Event "OBEM 2019"]
[Site "Bremen"]
[Date "2019.04.16"]
[Round "5.4"]
[White "Sommer, Andreas"]
[Black "Pienski, Olaf"]
[Result "0-1"]
[ECO "A41"]
[WhiteElo "1848"]
[BlackElo "2081"]
[Annotator "NA"]
[PlyCount "77"]
[EventDate "2019.04.13"]
[EventType "swiss"]
[EventCountry "GER"]
[SourceTitle "playchess.com"]
[Source "ChessBase"]
[SourceQuality "1"]
[TimeControl "40/5400+30:1800+30"]

1. d4 d6 2. c4 e5 3. d5 f5 4. Nf3 Nf6 5. Nc3 g6 (5... Be7 6. g3 O-O 7. Bg2 a5 8. O-O Na6 9. a3 Bd7 10. Rb1 Nc5 11. b4 axb4 12. axb4 Na4 13. Bd2 {0-1 (32) Mindlin,A (2436)-Donchenko,A (2563) Minsk 2017}) 6. h4 {[%emt 0:04:09] A41: 1 d4 d6: Tartakower System and Modern Defence} h6 7. Qc2 Bg7 8. Nh2 $146 ({Predecessor:} 8. Bd2 O-O 9. g3 c5 10. Bh3 Nbd7 11. e4 Ng4 12. O-O Ndf6 13. Rae1 fxe4 14. Bxg4 Bxg4 {0-1 (35) Keeve,M (1912)-Tischbierek,R (2438) Dresden 2010}) 8... Qe7 9. g4 Qf7 10. gxf5 gxf5 11. Rg1 Nh5 12. e4 f4 13. Be2 Bf6 14. Nf3 Na6 15. Bd2 Bd7 16. Nb5 Ke7 17. a4 Kf8 18. Ba5 Bd8 19. Bc3 Bf6 20. O-O-O Rg8 21. Rxg8+ Kxg8 22. Rg1+ Kh8 23. b4 Ng7 24. Qd1 Qe7 25. h5 Be8 26. Nd2 c5 $1 27. bxc5 Nxc5 $15 28. Bb4 a6 29. Nc3 Qc7 30. Bxc5 Qxc5 31. Qb3 Qxf2 32. Rf1 Qa7 33. Qb4 Be7 34. Nf3 b6 35. Kc2 Qc7 36. Rb1 Bd8 37. Rg1 Rb8 38. Nd1 Qc5 39. Qb3 0-1

[Event "OBEM 2019"]
[Site "Bremen"]
[Date "2019.04.17"]
[Round "6.4"]
[White "Peters, Frank"]
[Black "Stern, Philipp"]
[Result "1/2-1/2"]
[ECO "D45"]
[WhiteElo "2059"]
[BlackElo "1794"]
[Annotator "NA RC"]
[PlyCount "36"]
[EventDate "2019.04.13"]
[EventType "swiss"]
[EventCountry "GER"]
[SourceTitle "playchess.com"]
[Source "ChessBase"]
[SourceQuality "1"]
[TimeControl "40/5400+30:1800+30"]

1. c4 Nf6 2. Nc3 c6 3. Nf3 d5 4. e3 Nbd7 5. cxd5 cxd5 6. d4 e6 7. Bd3 Be7 8. O-O O-O 9. Ne5 Nxe5 10. dxe5 Nd7 11. f4 f5 12. exf6 Nxf6 13. Kh1 Bd7 14. e4 dxe4 (14... d4 $5 15. e5 dxc3 16. exf6 Bxf6 17. bxc3 Bc6 $11) 15. Nxe4 Bc6 16. Qe2 Nxe4 17. Bxe4 Bxe4 18. Qxe4 $11 Qd5 1/2-1/2

[Event "OBEM 2019"]
[Site "Bremen"]
[Date "2019.04.18"]
[Round "7.1"]
[White "Stern, Philipp"]
[Black "Margraf, Daniel"]
[Result "0-1"]
[ECO "B09"]
[WhiteElo "1794"]
[BlackElo "2238"]
[Annotator "NA"]
[PlyCount "72"]
[EventDate "2019.04.13"]
[EventType "swiss"]
[EventCountry "GER"]
[SourceTitle "playchess.com"]
[Source "ChessBase"]
[SourceQuality "1"]
[TimeControl "40/5400+30:1800+30"]

1. e4 d6 2. d4 Nf6 3. Nc3 g6 4. f4 Bg7 5. Nf3 O-O 6. Be3 Na6 7. Qd2 c5 8. Bxa6 cxd4 9. Bxd4 bxa6 10. O-O Bb7 11. Rae1 e5 12. fxe5 dxe5 13. Bxe5 Re8 14. Qxd8 Raxd8 15. Bxf6 Bxf6 16. Nd5 Bxb2 17. c4 Bg7 18. Rb1 Ba8 19. Ng5 Rd7 20. Nf6+ Bxf6 21. Rxf6 h6 22. Nf3 Bb7 23. c5 Rc7 24. Nd2 Kg7 25. Rd6 Re5 26. c6 Rxc6 27. Rd7 Bc8 28. Rxa7 Rc2 29. Ra8 Rxd2 30. Rxc8 Rxe4 31. h3 Ree2 32. g4 Rg2+ 33. Kf1 Rh2 34. Kg1 Rdg2+ 35. Kf1 Rxa2 36. Kg1 Rxh3 0-1